 Dungeon Crawl Stone Soup version 0.29-a0-892-g2c4c91d9db (webtiles) character file.

Game seed: 11565868467641822938

102 Infernotoast the Chopper (level 5, -3/41 HPs)
             Began as a Human Berserker on July 22, 2022.
             Was a Believer of Trog.
             Slain by Grinder (5 damage)
             ... on level 4 of the Dungeon.
             The game lasted 00:12:56 (740 turns).

Infernotoast the Chopper (Human Berserker)           Turns: 740, Time: 00:12:57

Health: -3/41      AC:  9    Str: 19    XL:     5   Next: 6%
Magic:  5/5        EV:  8    Int:  7    God:    Trog [**....]
Gold:   32         SH:  0    Dex: 13    Spells: 4/4 levels left

rFire   . . .      SeeInvis .   a - +0 hand axe
rCold   . . .      Faith    .   (no shield)
rNeg    . . .      Spirit   .   e - +0 chain mail
rPois   .          Reflect  .   (no helmet)
rElec   .          Harm     .   (no cloak)
rCorr   .          Rampage  .   (no gloves)
Will    .....                   h - +0 pair of boots
Stlth   ..........              i - amulet of regeneration
HPRegen 0.93/turn               (no ring)
MPRegen 0.09/turn               (no ring)

@: no status effects
A: no striking features
a: Renounce Religion, Berserk, Trog's Hand


You were on level 4 of the Dungeon.
You worshipped Trog.
Trog was pleased with you.
You visited 1 branch of the dungeon, and saw 4 of its levels.

You collected 32 gold pieces.

Inventory:

Hand Weapons
 a - a +0 hand axe (weapon)
 o - a +0 war axe
Missiles
 c - 5 atropa-tipped darts (quivered)
 g - 11 stones
Armour
 b - a +0 animal skin
 e - a +0 chain mail (worn)
 h - a +0 pair of boots (worn)
Jewellery
 i - an amulet of regeneration (around neck)
Wands
 k - a wand of iceblast (8)
Scrolls
 m - a scroll of enchant weapon {unknown}
 p - a scroll of enchant armour {unknown}
 q - a scroll of amnesia {unknown}
 r - a scroll of torment {unknown}
 s - a scroll of teleportation {unknown}
Potions
 d - a potion of attraction {unknown}
 f - a potion of heal wounds {unknown}
 j - 2 potions of degeneration {unknown}
 l - a potion of might {unknown}
 n - a potion of berserk rage {unknown}


   Skills:
 + Level 3.4 Fighting
 * Level 4.7 Axes
 + Level 2.3 Armour
 + Level 2.2 Dodging


You had 4 spell levels left.
You didn't know any spells.
Your spell library was empty.

Dungeon Overview and Level Annotations

Branches:
Dungeon (4/15)
 Temple: D:4-7

Altars:
Kikubaaqudgha

Shops:
D:2 :

Annotations:
D:4 Grinder


Message History

You hit Grinder.
Grinder is lightly wounded.
Grinder gestures at you.
You barely resist. You hit Grinder.
Grinder is moderately wounded.
Grinder hits you.
You writhe in agony.
You hit Grinder.
Grinder is moderately wounded.
Grinder hits you.
You writhe in agony.
You slash Grinder!
Grinder is heavily wounded.
Grinder hits you but does no damage.
You barely miss Grinder.
Grinder is heavily wounded.
Grinder gestures at you. Pain shoots through your body!
You closely miss Grinder.
Grinder is heavily wounded.
Grinder completely misses you.
You hit Grinder.
Grinder is severely wounded.
Grinder says, "Wait up."
Grinder gestures at you. Pain shoots through your body!
* * * LOW HITPOINT WARNING * * *
Grinder hits you but does no damage. Grinder gestures at you.
You suddenly lose the ability to move!
Grinder gestures at you.
You shrug off the repeated paralysis!
Grinder hits you.
* * * LOW HITPOINT WARNING * * *
You can move again.
Grinder attacks as you move away! Grinder hits you.
* * * LOW HITPOINT WARNING * * *
Grinder attacks as you move away! Grinder hits you.
* * * LOW HITPOINT WARNING * * *
You writhe in agony.
You die...

###..####...##.
....##..
..............# #...#
#. #####...####..#
#...###. ##..####..#
#...##.. ##...#...#
#....... #........#
#....... #........#
#....... ##......5.#
#....... #.......@.#
##..##### #........†##
##..## #...........##
##...#
#......####...###...##
# #.....###
##...#....# # #...##
##..#....# #. ..#
##.....## #.. .#
#.....# #... ##....#
#.#.


You could see Grinder.

Vanquished Creatures
  An orc priest (D:3)
  4 adders
  A worm (D:2)
  A dart slug (D:2)
  4 orcs (D:3)
  3 ball pythons (D:2)
  7 bats
  2 endoplasms
  A giant cockroach (D:3)
  A goblin (D:1)
  A hobgoblin (D:1)
  A kobold (D:2)
  2 frilled lizards
  2 rats
31 creatures vanquished.

Notes
Turn   | Place    | Note
-------+----------+-------------------------------------------
     0 | D:1      | Infernotoast the Human Berserker began the quest for the
                  | Orb.
     0 | D:1      | Reached XP level 1. HP: 18/18 MP: 1/1
   144 | D:1      | Reached XP level 2. HP: 24/24 MP: 2/2
   197 | D:2      | Found Jetzuvoi's Vocational Training.
   314 | D:2      | Reached XP level 3. HP: 29/29 MP: 3/3
   424 | D:3      | Reached skill level 4 in Axes
   502 | D:3      | Reached XP level 4. HP: 12/35 MP: 4/4
   518 | D:3      | Reached ** piety under Trog
   616 | D:4      | Found an ancient bone altar of Kikubaaqudgha.
   707 | D:4      | Reached XP level 5. HP: 40/41 MP: 5/5
   719 | D:4      | Noticed Grinder
   729 | D:4      | HP: 1/41 [Grinder/nerve-wracking pain (14)]
   732 | D:4      | Paralysed by Grinder for 4 turns
   735 | D:4      | HP: 2/41 [Grinder (5)]
   740 | D:4      | HP: 2/41 [Grinder (1)]
   740 | D:4      | Slain by Grinder

Illustrated notes

Levels and vault maps discovered:
D:1:      ncdulo_lavacross, layout_loops_ring, moated_statue,
          due_unseen_surprise
D:2:      layout_rooms, hellmonk_ecumenical_altar_zigzags,
          nicolae_shop_vocational, uniq_jessica
D:3:      layout_basic, nicolae_yredelemnul_corpse_copse, serial_shops,
          nicolae_shop_trees, st_stairs_3, uniq_terence
D:4:      layout_layer_cave, mainiacjoe_overflow_24_doors, serial_shops,
          kennysheep_mini, nicolae_shop_statue_plus, nicolae_shop_crystal,
          nicolae_shop_hallway_stairs, nicolae_shop_crystal, uniq_natasha,
          uniq_grinder

Skill      XL: |  1  2  3 |
---------------+----------+-----
Axes           | 4 |  4.7
Fighting       | |  3.4
Armour         | |  2.3
Dodging        | |  2.2

Action                   |  1- 3 |  4- 6 || total
-------------------------+-------+-------++-------
Melee: Hand axe          |    66 |    43 ||   109
       Punch             |     1 |     1 ||     2
       War axe           |    13 |       ||    13
  Use: Potion            |     1 |     1 ||     2
Armor: Chain mail        |    67 |    16 ||    83
       Animal skin       |     4 |       ||     4
Dodge: Dodged            |    33 |     8 ||    41

Table legend: (Time is in decaauts)
 A = Elapsed time spent in this place.
 B = Non-inter-level travel time spent in this place.
 C = Inter-level travel time spent in this place.
 D = Time resting spent in this place.
 E = Time spent auto-exploring this place.
 F = Levels seen in this place.
 G = Mean time per level.
                   A        B        C        D        E       F      G
               +--------+--------+--------+--------+--------+-----+--------+
         Total |    752 |    752 |      0 |      0 |      0 |   4 |  188.0 |
       Dungeon |    752 |    752 |      0 |      0 |      0 |   4 |  188.0 |
               +--------+--------+--------+--------+--------+-----+--------+

Top non-repeatable levels by time:
     D:3: 230 daAuts
     D:1: 198 daAuts
     D:2: 176 daAuts
     D:4: 146 daAuts
